Map: Equilibrium LE

Players

Subwayeatn

  • Race: Zerg Zerg
  • League: Platinum
  • Spawn Location: 1:00

Arth - Winner!

  • Race: Protoss Protoss
  • League: Platinum
  • Spawn Location: 11:00

VOD

Have the link to the VOD?

Description

Time

  • Played on: Oct. 29, 2023, 3:02 p.m.
  • Length: 13:16
Show
View Real Time Build Order
Export as new Build Order

Subwayeatn Zerg 

Build Orders: Hatch First 

Get SALT Encoding   

  12  0:01  Drone  
  13  0:13  Overlord  
  13  0:18  Drone  
  14  0:31  Drone x2  
  16  0:49  Hatchery  
  15  0:52  Drone  
  15  0:55  Drone  
  17  1:01  Extractor  
  17  1:02  Drone  
  17  1:15  Spawning Pool  
  16  1:18  Drone  
  17  1:31  Drone x2  
  19  1:41  Drone  
  20  1:50  Overlord  
  20  2:06  Queen  
  22  2:08  Queen  
  22  2:10  Zergling x4  
  26  2:19  Drone x2  
  28  2:23  Metabolic Boost  
  28  2:27  Drone  
  28  2:29  Drone  
  30  2:47  Hatchery  
  29  2:52  Drone x2  
  29  2:54  Drone  
  29  2:57  Drone  
  33  3:06  Drone x2  
  33  3:08  Overlord  
  35  3:17  Zergling x2  
  36  3:24  Overlord  
  35  3:42  Queen x2  
  35  3:46  Overlord  
  38  3:51  Zergling x8  
  42  3:59  Drone x7  
  49  4:04  Queen  
  49  4:05  Overlord  
  51  4:18  Pneumatized Carapace  
  51  4:37  Overlord  
  51  4:39  Drone x13  
  64  4:47  Roach Warren  
  63  4:53  Spore Crawler  
  63  4:58  Spore Crawler  
  61  5:00  Drone x4  
  61  5:03  Extractor  
  61  5:04  Extractor x2  
  61  5:06  Extractor  
  61  5:07  Spore Crawler  
  61  5:08  Overlord  
  60  5:15  Zergling x2  
  59  5:23  Zergling x12  
  65  5:43  Drone x3  
  65  5:44  Drone x2  
  65  5:45  Drone  
  65  5:46  Drone x3  
  65  5:47  Drone x3  
  77  5:52  Lair  
  77  6:03  Evolution Chamber x2  
  75  6:14  Overlord x2  
  75  6:20  Overlord  
  75  6:22  Hatchery  
  74  6:29  Overlord  
  74  6:31  Zergling x2  
  74  6:32  Zergling x2  
  76  6:34  Zergling x2  
  77  6:40  Zergling x2  
  77  6:41  Zergling x20  
  88  6:54  Zerg Missile Weapons Level 1  
  88  6:55  Zerg Ground Armor Level 1  
  88  6:56  Glial Reconstitution  
  88  7:09  Roach x12  
  111  7:22  Zergling x2  
  112  7:24  Overlord x3  
  112  7:25  Overlord  
  109  7:48  Roach  
  109  7:49  Roach x10  
  114  7:59  Zergling x2  
  114  8:00  Zergling x8  
  91  8:14  Zergling x2  
  91  8:15  Zergling x12  
  88  8:20  Queen  
  88  8:26  Roach x3  
  78  8:35  Zergling x6  
  78  8:36  Zergling x2  
  82  8:44  Roach x4  
  67  9:06  Roach x5  
  67  9:07  Roach  
  76  9:14  Zerg Missile Weapons Level 2  
  76  9:15  Zerg Ground Armor Level 2  
  70  9:29  Drone x14  
  83  9:41  Hatchery  
  82  9:46  Extractor  
  80  10:00  Hydralisk Den  
  80  10:06  Spore Crawler  
  78  10:09  Drone x3  
  78  10:10  Drone x3  
  78  10:12  Overlord  
  84  10:17  Extractor  
  84  10:19  Spire  
  84  10:20  Extractor  
  81  10:28  Infestation Pit  
  80  10:38  Zergling x16  
  80  10:39  Zergling x12  
  94  10:47  Queen x3  
  100  10:59  Overlord x2  
  100  11:11  Hydralisk x2  
  100  11:12  Hydralisk x11  
  100  11:16  Grooved Spines  
  126  11:20  Spore Crawler  
  126  11:22  Queen  
  113  11:40  Hydralisk  
  113  11:41  Hydralisk x7  
  129  11:57  Zergling x2  
  129  11:58  Zergling x6  
  132  12:03  Overlord  
  132  12:04  Hydralisk  
  132  12:05  Hydralisk x3  
  132  12:06  Muscular Augments  
  115  12:25  Zergling x2  
  115  12:26  Zergling x16  
  79  12:40  Roach  
  79  12:41  Roach x5  
Show
View Real Time Build Order
Export as new Build Order

Arth Protoss - Winner!

Build Orders: 1 Gate Expand, Archon Immortal 

Get SALT Encoding   

  12  0:00  Probe  
  13  0:12  Probe  
  14  0:19  Pylon  
  14  0:24  Probe  
  15  0:37  Probe  
  16  0:47  Gateway, Assimilator  
  16  0:49  Probe (Chrono Boost)  
  17  0:59  Probe (Chrono Boost)  
  18  1:04  Probe (Chrono Boost)  
  19  1:15  Probe  
  20  1:29  Nexus  
  20  1:31  Probe  
  21  1:44  Cybernetics Core  
  21  1:49  Assimilator  
  21  1:51  Probe  
  22  1:59  Pylon  
  22  2:04  Probe  
  23  2:17  Probe  
  24  2:25  Robotics Facility  
  24  2:26  Stalker  
  24  2:27  Warp Gate  
  26  2:30  Probe  
  27  2:46  Pylon  
  27  2:50  Probe (Chrono Boost)  
  29  3:00  Probe x2 (Chrono Boost)  
  29  3:05  Probe (Chrono Boost), Stalker  
  32  3:07  Probe  
  32  3:12  Assimilator  
  34  3:16  Probe  
  35  3:39  Probe x2  
  37  3:47  Immortal  
  41  3:51  Probe x2  
  41  3:54  Assimilator  
  43  3:59  Twilight Council  
  43  4:01  Gateway  
  43  4:03  Gateway, Probe x2  
  43  4:08  Pylon  
  45  4:10  Pylon  
  45  4:13  Gateway  
  45  4:16  Probe  
  46  4:19  Probe  
  47  4:26  Stalker  
  47  4:29  Probe  
  50  4:33  Observer  
  50  4:34  Charge (Chrono Boost)  
  51  4:41  Probe  
  51  4:44  Gateway  
  52  4:47  Pylon  
  52  4:49  Pylon  
  52  4:54  Gateway  
  52  4:56  Pylon  
  52  5:07  Zealot  
  52  5:08  Zealot  
  56  5:21  Immortal  
  60  5:29  Probe  
  60  5:35  Probe  
  62  5:37  Pylon  
  62  5:38  Observer  
  62  5:41  Probe  
  62  5:42  Templar Archives  
  63  5:46  Zealot x3  
  63  5:47  Zealot  
  71  5:55  Forge  
  71  5:56  Forge  
  75  6:06  Stalker  
  77  6:14  Warp Prism  
  75  6:22  High Templar x4  
  83  6:26  Protoss Ground Weapons Level 1 (Chrono Boost)  
  83  6:27  Archon x2, Protoss Ground Armor Level 1 (Chrono Boost)  
  83  6:33  Stalker  
  83  6:39  Pylon  
  85  6:40  Pylon  
  85  6:56  Zealot, Stalker  
  85  6:57  High Templar x3  
  95  7:05  Gateway  
  95  7:06  Gateway  
  95  7:30  Nexus  
  95  7:32  Zealot x2  
  95  7:33  Zealot  
  95  7:34  High Templar  
  95  7:35  High Templar  
  105  7:40  Archon  
  105  7:41  Archon  
  85  8:01  Zealot x4  
  85  8:02  Zealot  
  83  8:07  Zealot x2  
  87  8:15  Immortal  
  87  8:17  Probe x2  
  85  8:21  Pylon  
  85  8:23  Zealot  
  85  8:24  Zealot  
  81  8:28  Zealot  
  81  8:29  Probe  
  81  8:30  Probe  
  84  8:40  Zealot x3  
  90  8:41  Probe  
  90  8:42  Probe  
  92  8:51  Protoss Ground Weapons Level 2 (Chrono Boost)  
  92  8:54  Immortal (Chrono Boost), Probe x2  
  90  8:57  Protoss Ground Armor Level 2 (Chrono Boost)  
  90  9:06  Probe x2  
  82  9:11  Stalker  
  82  9:12  Zealot x2  
  82  9:13  Sentry, Stalker x2  
  82  9:14  Sentry  
  94  9:19  Probe x2  
  94  9:20  Probe  
  97  9:25  Photon Cannon  
  97  9:29  Photon Cannon  
  97  9:31  Probe  
  97  9:32  Probe x2  
  98  9:43  Probe  
  98  9:44  Probe x2  
  100  9:55  High Templar  
  100  9:56  Nexus, High Templar x4  
  100  9:57  High Templar x2  
  114  10:00  Archon x2  
  114  10:01  Archon  
  114  10:06  Immortal  
  118  10:12  Assimilator  
  118  10:15  Assimilator  
  118  10:17  Pylon  
  118  10:19  Pylon  
  118  10:28  Gateway x2  
  118  10:31  Gateway, Probe (Chrono Boost)  
  118  10:33  Gateway  
  119  10:41  Photon Cannon  
  122  10:43  Shield Battery, Probe (Chrono Boost)  
  122  10:44  Photon Cannon, Probe x2 (Chrono Boost)  
  122  10:48  Photon Cannon, Probe (Chrono Boost)  
  123  10:50  Probe (Chrono Boost)  
  123  10:53  Pylon  
  123  10:54  Pylon  
  123  10:56  High Templar  
  126  10:57  High Templar x2, Probe  
  126  11:00  Zealot  
  126  11:01  Zealot  
  135  11:04  Archon  
  135  11:06  Archon  
  135  11:07  Zealot x2  
  139  11:20  Probe  
  139  11:32  Probe  
  139  11:35  Zealot x4  
  139  11:36  Zealot  
  139  11:38  Sentry x3  
  139  11:39  High Templar  
  157  11:44  Probe  
  158  11:50  High Templar  
  158  11:52  Zealot  
  162  12:09  High Templar  
  162  12:10  High Templar  
  162  12:13  Zealot x2  
  162  12:14  Zealot x2  
  162  12:15  Zealot  
  176  12:16  Zealot x3  
  150  12:29  Zealot  
  128  12:34  Zealot x3  
  128  12:35  Zealot x2  
  130  12:37  High Templar, Stalker  
  130  12:38  High Templar  
  130  12:51  Archon  
  130  12:52  Archon  
  130  12:54  Zealot x5  
  130  12:55  Zealot  
  138  13:06  High Templar  
  138  13:07  Zealot x2  
Tags
 
Add a new tag
Caveats
  • Supply blocks, unpowered buildings, or Contaminate may cause inaccurate times.
  • Supply counts are checked every 10 seconds.